 Dungeon Crawl Stone Soup version 0.25-a0-571-gb5e01bddfa (webtiles) character file.

Game seed: 15882931174625244083, levelgen mode: deterministic

231 Gargoyl the Skirmisher (level 5, -9/46 HPs)
             Began as a Centaur Abyssal Knight on Feb 29, 2020.
             Was a Believer of Lugonu.
             Killed by nerve-wracking pain
             ... invoked by Grinder
              (12 damage)
             ... while paralysed by Grinder
             ... on level 3 of the Dungeon.
             The game lasted 00:03:51 (3072 turns).

Gargoyl the Skirmisher (Centaur Abyssal Knight)     Turns: 3072, Time: 00:03:51

Health: -9/46      AC:  9    Str: 14    XL:     5   Next: 73%
Magic:  7/7        EV:  1    Int: 11    God:    Lugonu [**....]
Gold:   139        SH:  0    Dex: 10    Spells: 4/4 levels left

rFire    . . .     SeeInvis .   a - +4 hand axe
rCold    . . .     Gourm    .   (no shield)
rNeg     . . .     Faith    .   e - +0 chain mail
rPois    .         Spirit   .   g - +0 helmet
rElec    .         Reflect  .   h - scarf {repulsion}
rCorr    .         Harm     .   (no gloves)
MR       .....                  (no barding)
Stlth    ..........             (no amulet)
HPRegen  0.15/turn              (no ring)
MPRegen  0.10/turn              (no ring)

@: paralysed, very slightly contaminated, invisible, repel missiles, very quick
A: large, hooves 3, deformed body, speed 2, tough skin 3
a: Depart the Abyss, Bend Space, Renounce Religion


You were on level 3 of the Dungeon.
You worshipped Lugonu.
Lugonu was pleased with you.
You were not hungry.

You visited 1 branch of the dungeon, and saw 3 of its levels.
You visited the Abyss 1 time.

You collected 139 gold pieces.

Inventory:

Hand Weapons
 a - a +4 hand axe (weapon)
Armour
 e - a +0 chain mail (worn)
 g - a +0 helmet (worn)
 h - a scarf of repulsion (worn)
Wands
 d - a wand of digging (2)
Scrolls
 b - a scroll of identify
 j - 2 scrolls of teleportation
 l - 3 scrolls of amnesia {unknown}
Potions
 f - 2 potions of stabbing
 i - a potion of flight
 k - a potion of magic
Comestibles
 c - 6 rations


   Skills:
 + Level 3.7 Fighting
 + Level 2.9 Axes
 * Level 2.9 Armour
 * Level 1.7 Dodging
 * Level 2.9 Invocations


You had 4 spell levels left.
You didn't know any spells.
Your spell library was empty.

Dungeon Overview and Level Annotations

Branches:
Dungeon (3/15)

Altars:
The Shining One

Annotations:
D:3 Grinder


Innate Abilities, Weirdness & Mutations

You have hooves in place of feet.
Armour fits poorly on your strangely shaped body.
You cover ground very quickly.
You have extremely tough skin. (AC +3)


Message History

Grinder hits you but does no damage.
You barely miss Grinder.
Grinder is heavily wounded.
Grinder hits you.
* * * LOW HITPOINT WARNING * * *
You hit Grinder but do no damage.
Grinder is heavily wounded.
Grinder gestures at you.
You barely resist. You hit Grinder. You kick Grinder, but do no damage.
Grinder is heavily wounded.
Grinder gestures at you.
You suddenly lose the ability to move!
Grinder hits you.
* * * LOW HITPOINT WARNING * * *
You writhe in agony.
* * * LOW HITPOINT WARNING * * *
Grinder gestures at you. Pain shoots through your body!
You die...

# #..# #)....#. #. #.
#..# ##.....#....##
##.###..# #.......# ...
#.......###.##.##.# #.#
#.##........##..#.# #.#
#.##.##.##..###.#.####.#
#
#.##....##.............#
#
#.##.##.##........###..#
#
##.##)...<...#.#@#.###..#
#####
..÷÷))..........5....†..#
#....
##.##.######.#...#.###.##
#.### ##.##.##
#...........# # ##.....#
###.....##### # #####..#
#...### # #####..# #...#
#.## .......#### #...#
.#.# ###.......# #...#
..#


You could see Grinder.

Vanquished Creatures
  An orc priest (D:3)
  A gnoll shaman (D:3)
  Terence (D:3)
  Robin (D:3)
  3 gnolls (D:3)
  4 adders
  A worm (D:3)
  3 leopard geckos
  3 orcs (D:3)
  A giant cockroach (D:1)
  11 goblins
  11 hobgoblins
  3 jackals (D:2)
  9 kobolds
  A quokka (D:3)
  2 bats
  2 frilled lizards
  9 rats
67 creatures vanquished.

Vanquished Creatures (others)
  2 starspawn tentacles (Abyss:1)
2 creatures vanquished.

Grand Total: 69 creatures vanquished

Notes
Turn   | Place    | Note
-------+----------+-------------------------------------------
     0 | Abyss:1  | Gargoyl the Centaur Abyssal Knight began the quest for the
                  | Orb.
     0 | Abyss:1  | Reached XP level 1. HP: 19/19 MP: 2/2
    56 | Abyss:1  | Noticed a tentacled starspawn
    96 | Abyss:1  | Noticed a quasit
    98 | Abyss:1  | Noticed a hell knight
   100 | Abyss:1  | Noticed a green very ugly thing
   100 | Abyss:1  | Noticed a quasit
   101 | D:1      | Escaped the Abyss
   670 | D:1      | Reached XP level 2. HP: 24/26 MP: 3/3
  1037 | D:1      | Reached * piety under Lugonu
  1293 | D:3      | Reached skill level 1 in Dodging
  1433 | D:3      | Noticed Terence
  1453 | D:3      | Killed Terence
  1453 | D:3      | Reached XP level 3. HP: 31/31 MP: 4/4
  1898 | D:3      | Reached XP level 4. HP: 10/38 MP: 5/5
  2142 | D:3      | Noticed Robin
  2155 | D:3      | Reached ** piety under Lugonu
  2162 | D:3      | Killed Robin
  2162 | D:3      | Reached XP level 5. HP: 17/45 MP: 6/6
  2539 | D:2      | Found a glowing golden altar of the Shining One.
  3054 | D:3      | Noticed Grinder
  3070 | D:3      | Paralysed by Grinder for 7 turns
  3072 | D:3      | Killed from afar by Grinder

Levels and vault maps discovered:
D:1:      heliophobic_arrival_dark_side_of_the_moon, layout_basic
D:2:      layout_basic, old_standard_altar
D:3:      layout_loops_cross, uniq_robin, uniq_terence, uniq_grinder

Skill      XL: |  1  2 |
---------------+-------+-----
Dodging        | 1 |  1.7
Axes           | 2 |  2.9
Armour         | 2 |  2.9
Fighting       | |  3.7
Invocations    | |  2.9

Action                   |  1- 3 |  4- 6 || total
-------------------------+-------+-------++-------
Melee: Hand axe          |    80 |    79 ||   159
       Kick              |    12 |     9 ||    21
Invok: Depart the Abyss  |     1 |       ||     1
  Use: Potion            |     1 |     4 ||     5
       Scroll            |     7 |     2 ||     9
  Eat: Chunk             |     2 |     4 ||     6
Armor: Chain mail        |    71 |    56 ||   127
       Skin              |       |     7 ||     7
Dodge: Dodged            |    28 |    19 ||    47

Table legend:
 A = Non-vault XP
 B = Vault XP
 C = Vault XP percentage of total XP
 D = Non-vault monster count
 E = Vault monster count
 F = Vault count percentage of total count
                 A         B        C        D         E       F
            +---------+---------+-------+---------+---------+-------
      Total |     257 |      74 |  22.4 |      54 |      13 |  19.4
            +---------+---------+-------+---------+---------+-------
        D:1 |      24 |       0 |   0.0 |      14 |       0 |   0.0
        D:2 |      42 |       0 |   0.0 |      12 |       0 |   0.0
        D:3 |     191 |      74 |  27.9 |      28 |      13 |  31.7
            +---------+---------+-------+---------+---------+-------
